 Dungeon Crawl Stone Soup version 0.18-a0-1745-gffa9a88 (webtiles) character file.

450 dobroeutro the Shield-Bearer (level 7, 44/44 HPs)
             Began as a Gargoyle Fighter on Apr 11, 2016.
             Quit the game on level 4 of the Dungeon.
             The game lasted 00:05:51 (2690 turns).

dobroeutro the Shield-Bearer (Gargoyle Fighter)     Turns: 2690, Time: 00:05:52

Health: 44/44      AC: 12    Str: 20      XL:     7   Next: 4%
Magic:  7/7        EV:  7    Int:  8 (9)  God:
Gold:   183        SH: 10    Dex: 10      Spells: 0 memorised, 6 levels left

rFire  . . .     SeeInvis +     o - +0 flail
rCold  . . .     Gourm    .     b - +0 scale mail
rNeg   + . .     Faith    .     c - +0 shield
rPois  ∞         Spirit   .     y - -2 helmet (curse)
rElec  +         Dismiss  .     (no cloak)
rCorr  .         Reflect  .     (no gloves)
SustAt +         Harm     .     r - +0 pair of boots (curse)
MR     .....                    (no amulet)
Stlth  ..........               t - ring of sustain attributes
                                j - ring of see invisible

@: not resistant to hostile enchantments, extremely unstealthy
A: negative energy resistance 1, electricity resistance, unbreathing,
petrification resistance, rot immunity, AC +4
a: no special abilities


You were on level 4 of the Dungeon.
You were not hungry.

You visited 1 branch of the dungeon, and saw 4 of its levels.

You collected 183 gold pieces.

Inventory:

Hand Weapons
 o - a +0 flail (weapon)
Armour
 b - a +0 scale mail (worn)
 c - a +0 shield (worn)
 r - a cursed +0 pair of boots (worn)
 y - a cursed -2 helmet (worn)
Jewellery
 j - a ring of see invisible (left hand)
 t - a ring of sustain attributes (right hand)
Wands
 e - a wand of hasting (2/9)
 n - a wand of slowing (19/48)
Scrolls
 h - a scroll of fog {unknown}
 l - a scroll of random uselessness {unknown}
 m - a scroll of amnesia {unknown}
 p - a scroll of magic mapping {unknown}
 u - a scroll of fear {unknown}
 w - a scroll of identify {unknown}
Potions
 a - a potion of haste
 d - a potion of might
 i - 2 potions of brilliance
 q - a potion of invisibility {unknown}
 s - a potion of heal wounds {unknown}
 v - 2 potions of agility
Comestibles
 f - 3 bread rations
 g - a royal jelly
 k - 2 beef jerkies
 x - 4 chunks of flesh


   Skills:
 + Level 4.7 Fighting
 + Level 3.7 Maces & Flails
 + Level 5.2 Armour
 + Level 5.3 Shields


You had 6 spell levels left.
You didn't know any spells.

Dungeon Overview and Level Annotations

Branches:
Dungeon (4/15)
 Temple: D:4-7

Altars:


Innate Abilities, Weirdness & Mutations

You are resistant to torment.
Your stone body is resilient (AC +4).
You are immune to poison.
You resist negative energy.
You are resistant to electric shocks.
You can survive without breathing.
You are immune to petrification.
You are immune to rotting.


Message History

There is a stone staircase leading down here.
You climb downwards.
There is a stone staircase leading up here.
Found a dagger.
You see here a dagger.
Found a runed helmet.
No target in view!
Found a stone staircase leading up.
Found a scroll labeled TIJESTRISEL.
Found 14 bolts.
Found 7 gold pieces.
Found a whip.
You see here a runed helmet.
y - a runed helmet HP restored.
You start putting on your armour.
You continue putting on your runed helmet. x4
You finish putting on your cursed -2 helmet.
Oops, that feels deathly cold.
Are you sure you want to abandon this character and quit the game? (Confirm with "yes".)

..<.## .. .##..# ..
##.# .# #.# .# ####.###
##<# # # .......## #..#
)#.#..
####.#.)#####.####.....
#..#............#
##.#######.#.@..# #.#
#..#..#.# #.# #....(..#
#.# #?.####..$ #. ####
.#.# #. # #


There were no monsters in sight!

Vanquished Creatures
  A phantom (D:3)
  A giant frog (D:3)
  An orc priest (D:3)
  An orc wizard (D:3)
  Ijyb (D:3)
  Jessica (D:2)
  Terence (D:2)
  Natasha (thrice) (D:2)
  2 adders
  A worm (D:2)
  2 dart slugs (D:1)
  4 orcs (D:3)
  2 ball pythons
  2 giant cockroaches
  11 goblins
  6 hobgoblins
  12 kobolds
  A quokka (D:3)
  9 bats
  2 giant newts
  13 rats
77 creatures vanquished.

Notes
Turn   | Place    | Note
--------------------------------------------------------------
     0 | D:1      | dobroeutro the Gargoyle Fighter began the quest for the Orb.
     0 | D:1      | Reached XP level 1. HP: 14/14 MP: 1/1
   109 | D:1      | Reached XP level 2. HP: 14/19 MP: 2/2
   388 | D:1      | Reached XP level 3. HP: 24/24 MP: 3/3
   576 | D:2      | Noticed Jessica
   580 | D:2      | Killed Jessica
   624 | D:2      | Noticed Terence
   636 | D:2      | Killed Terence
   636 | D:2      | Reached XP level 4. HP: 29/29 MP: 4/4
   752 | D:2      | Noticed Natasha
   766 | D:2      | Killed Natasha
   903 | D:2      | Noticed Natasha
   918 | D:2      | HP: 1/29 [shadow imp[Natasha] (1)]
   940 | D:2      | Killed Natasha
   940 | D:2      | Reached XP level 5. HP: 12/33 MP: 5/5
  1605 | D:2      | Noticed Natasha
  1622 | D:2      | Killed Natasha
  1792 | D:2      | You fall through a shaft!
  1951 | D:3      | Noticed Ijyb
  1960 | D:3      | Killed Ijyb
  2019 | D:3      | Reached XP level 6. HP: 23/39 MP: 6/6
  2297 | D:3      | Reached skill level 5 in Armour
  2431 | D:3      | Noticed a phantom
  2455 | D:3      | Killed a phantom
  2455 | D:3      | Reached skill level 5 in Shields
  2579 | D:3      | Reached XP level 7. HP: 29/44 MP: 7/7
  2690 | D:4      | Quit the game

Vault maps used:
D:1:      dpeg_arrival_rhombi
D:2:      first_bread, uniq_terence, uniq_natasha, uniq_jessica
D:3:      minmay_divided_ellipse, uniq_iyjb
D:4:      serial_shops, shop, kennysheep_generic_room_3, uniq_sigmund

Skill      XL: |  1  2  3  4  5  6 |
---------------+-------------------+-----
Armour         | 4 5 |  5.2
Shields        | 4 5 |  5.3
Fighting       | 4 |  4.7
Maces & Flails | 3 |  3.7

Action                   |  1- 3 |  4- 6 |  7- 9 || total
-------------------------+-------+-------+-------++-------
Melee: Flail             |    81 |   251 |     7 ||   339
  Use: Potion            |       |     5 |       ||     5
  Eat: Chunk             |       |     6 |     1 ||     7
